 Dungeon Crawl Stone Soup version 0.29-a0-613-gf2c431b9b9 (webtiles) character file.

Game seed: 11105483996623279642

307 moldycheese5 the Poker (level 6, -17/48 HPs)
             Began as a Demonspawn Abyssal Knight on June 16, 2022.
             Was a Priest of Lugonu.
             Demolished by an ogre
             ... wielding a +0 giant spiked club
              (19 damage)
             ... on level 4 of the Dungeon.
             The game lasted 00:05:11 (3097 turns).

moldycheese5 the Poker (Demonspawn Abyssal Knight)  Turns: 3097, Time: 00:05:12

Health: -17/48     AC: 12    Str: 15    XL:     6   Next: 16%
Magic:  8/8        EV:  9    Int: 11    God:    Lugonu [***...]
Gold:   156        SH:  0    Dex: 14    Spells: 5/5 levels left

rFire   . . .      SeeInvis .   a - +1 spear
rCold   . . .      Faith    .   (no shield)
rNeg    . . .      Spirit   .   o - +0 scale mail
rPois   .          Reflect  .   (no helmet)
rElec   .          Harm     .   (no cloak)
rCorr   .          Rampage  .   (no gloves)
Will    .....                   (no boots)
Stlth   ..........              (no amulet)
HPRegen 0.16/turn               e - +4 ring of slaying
MPRegen 0.11/turn               c - +4 ring of protection

@: no status effects
A: yellow scales 1, ignite blood 1, weakness stinger 1
a: Renounce Religion, Depart the Abyss, Bend Space, Banish


You were on level 4 of the Dungeon.
You worshipped Lugonu.
Lugonu was most pleased with you.
You visited 1 branch of the dungeon, and saw 4 of its levels.
You visited the Abyss 1 time.

You collected 156 gold pieces.

Inventory:

Hand Weapons
 a - a +1 spear (weapon)
Armour
 o - a +0 scale mail (worn)
Jewellery
 b - a ring of wizardry
 c - a +4 ring of protection (right hand)
 e - a +4 ring of slaying (left hand)
 k - a +4 ring of evasion
 n - a ring of positive energy
Scrolls
 h - 5 scrolls of fear
 m - 4 scrolls of teleportation
Potions
 d - a potion of cancellation
 i - 3 potions of attraction
 j - 4 potions of curing
 l - a potion of might {unknown}


   Skills:
 + Level 4.2 Fighting
 + Level 4.3 Polearms
 + Level 2.9 Armour
 + Level 1.2 Dodging
 + Level 0.2 Stealth
 + Level 3.1 Invocations


You had 5 spell levels left.
You didn't know any spells.
Your spell library contained the following spells:

 Spells                   Type           Power      Damage    Failure   Level
 Scorch                   Fire           0%         2d5       90%         2
 Sublimation of Blood     Necr           0%         N/A       90%         2
 Wereblood                Tmut           0%         N/A       90%         2
 Gell's Gravitas          Tloc           0%         N/A       99%         3
 Lesser Beckoning         Tloc           0%         N/A       99%         3
 Teleport Other           Tloc           0%         N/A       99%         3
 Animate Armour           Summ/Erth      0%         N/A       100%        4
 Flame Wave               Conj/Fire      0%         2d4       100%        4
 Blade Hands              Tmut           0%         N/A       100%        5
 Iron Shot                Conj/Erth      0%         9d1       100%        6
 Summon Cactus Giant      Summ           0%         N/A       100%        6
 Summon Hydra             Summ           0%         N/A       100%        7


Dungeon Overview and Level Annotations

Branches:
Dungeon (4/15)
 Temple: D:4-7

Altars:


Innate Abilities, Weirdness & Mutations

You are partially covered in yellow scales. (AC +2)
Your demonic aura sometimes causes spilled blood to erupt in flames.
You have a small tail.


Message History

You kill the hobgoblin!
Lugonu accepts your kill.
You reach to attack!
You hit the orc.
The orc is severely wounded.
You closely miss the orc.
Your tail-slap misses the orc.
The orc is severely wounded.
The orc hits you with a +0 hand axe.
You hit the orc.
You kill the orc!
Lugonu accepts your kill.
No target in view!
No target in view!
HP restored.
You now have 149 gold pieces (gained 9).
You now have 156 gold pieces (gained 7).
j - 4 potions of curing (gained 1)
Found a chain mail.
m - 4 scrolls of teleportation (gained 1)
An ogre comes into view. It is wielding a +0 giant spiked club.
The ogre shouts!
You reach to attack!
You hit the ogre.
The ogre is lightly wounded.
You puncture the ogre!
The ogre is moderately wounded.
The ogre hits you with a +0 giant spiked club!!
You puncture the ogre!
The ogre is severely wounded.
You completely miss the ogre.
Your tail-slap misses the ogre.
The ogre is severely wounded.
The ogre hits you with a +0 giant spiked club!!
Ouch! That really hurt!
* * * LOW HITPOINT WARNING * * *
You are too injured to fight recklessly!
You are too injured to fight recklessly!
You hit the ogre.
The ogre is severely wounded.
You hit the ogre.
Your tail-slap misses the ogre.
The ogre is severely wounded.
The ogre hits you with a +0 giant spiked club!!
You die...

### #.######## #.........
#.#######. #.#######.#
#.#.@O....# #.#.#######
#.#.# #.#.#################
########................)...
.[..................>#######
########......####..........
#......# #)#.#######
#......# #.#.#......


You could see an ogre.

Vanquished Creatures
  An iguana (D:3)
  Natasha (thrice) (D:2)
  Terence (D:2)
  An orc wizard (D:3)
  4 gnolls (D:3)
  3 adders
  4 worms (D:2)
  3 dart slugs
  8 orcs
  2 endoplasms (D:1)
  2 giant cockroaches
  4 goblins
  9 hobgoblins
  A jackal (D:3)
  4 quokkas
  4 ball pythons
  4 bats
  3 kobolds
  9 rats
70 creatures vanquished.

Notes
Turn   | Place    | Note
-------+----------+-------------------------------------------
     0 | Abyss:1  | moldycheese5 the Demonspawn Abyssal Knight began the quest
                  | for the Orb.
     0 | Abyss:1  | Reached XP level 1. HP: 18/18 MP: 2/2
     0 | D:1      | Escaped the Abyss
   618 | D:1      | Gained mutation: Your demonic aura sometimes causes spilled
                  | blood to erupt in flames. [demonic ancestry]
   618 | D:1      | Reached XP level 2. HP: 24/24 MP: 3/3
   829 | D:1      | Found a faded altar of an unknown god.
   897 | D:2      | Reached skill level 1 in Dodging
   897 | D:2      | Reached ** piety under Lugonu
   955 | D:2      | Noticed Natasha
   962 | D:2      | Killed Natasha
   963 | D:2      | Reached XP level 3. HP: 20/30 MP: 5/5
  1083 | D:2      | Noticed Terence
  1094 | D:2      | Killed Terence
  1095 | D:2      | Gained mutation: You have a small tail. [demonic ancestry]
  1095 | D:2      | Reached XP level 4. HP: 24/37 MP: 6/6
  1306 | D:2      | Noticed Natasha
  1473 | D:2      | Killed Natasha
  1496 | D:2      | Noticed Natasha
  1504 | D:2      | Killed Natasha
  1505 | D:2      | Reached XP level 5. HP: 33/42 MP: 7/7
  2261 | D:3      | Reached *** piety under Lugonu
  2599 | D:3      | Gained mutation: You are partially covered in yellow
                  | scales. (AC +2) [demonic ancestry]
  2599 | D:3      | Reached XP level 6. HP: 44/48 MP: 8/8
  3095 | D:4      | HP: 2/48 [ogre/+0 giant spiked club (24)]
  3097 | D:4      | Demolished by an ogre

Illustrated notes

Levels and vault maps discovered:
D:1:      tarquinn_simple_flora_water_c, layout_basic,
          shapermc_ecumenical_altar_mp_ritualfount
D:2:      layout_loops_ring, minmay_small_reverse_x, uniq_natasha, uniq_terence
D:3:      layout_loops_corners, minivault_19, hangedman_decor_clover_reticule,
          minmay_circle_x
D:4:      layout_basic

Skill      XL: |  1  2  3  4  5 |
---------------+----------------+-----
Polearms       | 2 3 4 |  4.3
Dodging        | 1 |  1.2
Invocations    | 3 |  3.1
Fighting       | 4 |  4.2
Armour         | 2 |  2.9
Stealth        | |  0.2

Action                   |  1- 3 |  4- 6 || total
-------------------------+-------+-------++-------
Melee: Spear             |    69 |   131 ||   200
       Tailslap          |       |    14 ||    14
Invok: Depart the Abyss  |     1 |       ||     1
  Use: Scroll            |       |     4 ||     4
Armor: Leather armour    |     3 |       ||     3
       Chain mail        |    18 |    27 ||    45
       Scale mail        |       |    14 ||    14
Dodge: Dodged            |    10 |    27 ||    37

Table legend: (Time is in decaauts)
 A = Elapsed time spent in this place.
 B = Non-inter-level travel time spent in this place.
 C = Inter-level travel time spent in this place.
 D = Time resting spent in this place.
 E = Time spent auto-exploring this place.
 F = Levels seen in this place.
 G = Mean time per level.
                   A        B        C        D        E       F      G
               +--------+--------+--------+--------+--------+-----+--------+
         Total |   3083 |   3017 |     66 |    114 |   2481 |   5 |  616.6 |
       Dungeon |   3083 |   3017 |     66 |    114 |   2481 |   4 |  770.8 |
         Abyss |      0 |      0 |      0 |      0 |      0 |   1 |    0.0 |
               +--------+--------+--------+--------+--------+-----+--------+

Top non-repeatable levels by time:
     D:3: 1227 daAuts
     D:2: 893 daAuts
     D:1: 841 daAuts
     D:4: 122 daAuts
